 Dungeon Crawl Stone Soup version 0.28.0-47-ge53b351184 (webtiles) character file.

Game seed: 15020641465482916540

190 101zpm the Chiller (level 5, -9/36 HPs)
             Began as a Vampire Ice Elementalist on Apr 29, 2022.
             Mangled by an ogre
             ... wielding a +0 giant club
              (29 damage)
             ... on level 3 of the Dungeon.
             The game lasted 00:05:51 (2984 turns).

101zpm the Chiller (Vampire Ice Elementalist)       Turns: 2984, Time: 00:05:52

Health: -9/36      AC:  3    Str:  7    XL:     5   Next: 41%
Magic:  5/10       EV: 12    Int: 20    God:
Gold:   69         SH:  0    Dex: 14    Spells: 4/11 levels left

rFire   . . .      SeeInvis +   (no weapon)
rCold   . . .      Faith    .   i - orb {mayhem}
rNeg    . . .      Spirit   .   a - +0 robe
rPois   .          Reflect  .   (no helmet)
rElec   .          Harm     .   (no cloak)
rCorr   .          Rampage  .   h - +0 pair of gloves
Will    .....                   (no boots)
Stlth   ++........              (no amulet)
HPRegen 0.32/turn               (no ring)
MPRegen 0.12/turn               (no ring)

@: very slightly contaminated, healing quickly
A: alive, fangs 3, see invisible, vampiric 2
a: Exsanguinate


You were on level 3 of the Dungeon.
You visited 1 branch of the dungeon, and saw 4 of its levels.

You collected 69 gold pieces.

Inventory:

Missiles
 j - 3 boomerangs
Armour
 a - a +0 robe (worn)
 h - a +0 pair of gloves (worn)
 i - an orb of mayhem (worn)
Scrolls
 c - a scroll of identify {unknown}
 d - 2 scrolls of vulnerability {unknown}
 e - a scroll of fog {unknown}
Potions
 b - 2 potions of curing {unknown}
 f - a potion of might {unknown}
 g - a potion of mutation {unknown}


   Skills:
 + Level 0.5 Fighting
 + Level 2.8 Dodging
 + Level 3.7 Stealth
 + Level 0.4 Unarmed Combat
 + Level 3.5 Spellcasting
 + Level 5.2 Ice Magic


You had 4 spell levels left.
You knew the following spells:

 Your Spells              Type           Power      Damage    Failure   Level
a - Freeze                Ice            96%        1d11      1%          1
b - Frozen Ramparts       Ice            48%        1d6       4%          3
c - Ozocubu's Armour      Ice            24%        N/A       4%          3

Your spell library contained the following spells:

 Spells                   Type           Power      Damage    Failure   Level
 Hailstorm                Conj/Ice       14%        3d5       41%         4


Dungeon Overview and Level Annotations

Branches:
Dungeon (4/15)
 Temple: D:4-7

Altars:
Uskayaw
Xom
Yredelemnul


Innate Abilities, Weirdness & Mutations

Your natural rate of healing is accelerated.
You have razor-sharp teeth.
You have supernaturally acute eyesight. (SInv)
You are afflicted with vampirism and can become a bat while bloodless.


Message History

There is an open door here.
There is an open door here.
There is a stone staircase leading up here.
You climb upwards.
There is a stone staircase leading down, spattered with blood here.
You start resting.
Your magical contamination has completely faded away.
You start resting.
Magic restored.
You climb downwards.
The ogre barely misses you.
There is a stone staircase leading up here.
Casting: Frozen Ramparts (dangerous; 4% risk of failure)
Confirm with . or Enter, or press ? or * to list all spells.
Casting: Frozen Ramparts (dangerous; 4% risk of failure)
Press: ? - help, Dir - look around, f - activate A stone staircase leading up.
Okay, then.
The ogre hits you with a +0 giant club!
You climb upwards.
There is a stone staircase leading down, spattered with blood here.
Casting: Frozen Ramparts (dangerous; 4% risk of failure)
Confirm with . or Enter, or press ? or * to list all spells.
Casting: Frozen Ramparts (dangerous; 4% risk of failure)
Press: ? - help, Dir - look around, f - activate A stone staircase leading down, spattered with blood.
You miscast Frozen Ramparts.
You are very lightly contaminated with residual magic.
Nothing appears to happen.
The ogre hits you with a +0 giant club!
You see here a +0 club.
Your magical contamination has completely faded away.
You miscast Freeze.
You are very lightly contaminated with residual magic.
Nothing appears to happen.
The ogre barely misses you.
You freeze the ogre!
The ogre is moderately wounded.
You freeze the ogre!
The ogre is heavily wounded.
The ogre hits you with a +0 giant club!!
Ouch! That really hurt!
You die...

.# #.# ###.#
.# #.# #.# .#
#.# #.# .# #.#
#.# .# #.# #.#
.# #.#
############.#
.# #.#
#.........)>)#
.# #.#
#O############
## #.# #@# #.#
#.# ####
####.### #.#
#... ..##...#
#.# #.##
#.####.# #.#
#.# #.# #.#
#.# #.# #.#
#.# #.# #.#
#.# #.# #.#
#.# #.# #.#
#.# #.#


You could see an ogre.

Vanquished Creatures
  A water moccasin skeleton (D:4)
  An orc priest (D:3)
  3 adders
  3 gnolls
  2 dart slugs
  7 orcs
  6 bats
  3 endoplasms
  2 giant cockroaches
  4 goblins
  2 hobgoblins
  3 jackals (D:2)
  2 quokkas
  A ball python (D:3)
  2 frilled lizards
  5 kobolds
  4 rats
51 creatures vanquished.

Notes
Turn   | Place    | Note
-------+----------+-------------------------------------------
     0 | D:1      | 101zpm the Vampire Ice Elementalist began the quest for the
                  | Orb.
     0 | D:1      | Reached XP level 1. HP: 13/13 MP: 3/3
    87 | D:2      | Reached XP level 2. HP: 18/19 MP: 1/5
   470 | D:2      | Gained mutation: You are afflicted with vampirism and can
                  | become a bat while bloodless. [Vampire growth]
   470 | D:2      | Reached XP level 3. HP: 7/24 MP: 4/6
   696 | D:2      | Found a shimmering altar of Xom.
   707 | D:2      | You fall into a shaft and drop 1 floor!
   806 | D:3      | Found a basalt altar of Yredelemnul.
   811 | D:3      | Found a hide-covered altar of Uskayaw.
  1844 | D:3      | Learned a level 3 spell: Frozen Ramparts
  1848 | D:3      | Learned a level 3 spell: Ozocubu's Armour
  1928 | D:3      | Reached XP level 4. HP: 17/30 MP: 1/8
  2268 | D:3      | Reached skill level 5 in Ice Magic
  2654 | D:4      | Reached XP level 5. HP: 24/36 MP: 8/10
  2891 | D:4      | Noticed an ogre
  2984 | D:3      | Mangled by an ogre

Illustrated notes

Levels and vault maps discovered:
D:1:      dpeg_arrival_prison, layout_loops_cross
D:2:      layout_basic, basic_altar
D:3:      layout_loops_ring, mainiacjoe_overflow_big_doors,
          hangedman_decor_slide_cut
D:4:      layout_gridville, uniq_robin

Skill      XL: |  1  2  3  4 |
---------------+-------------+-----
Spellcasting   | 3 |  3.5
Ice Magic      | 5 |  5.2
Fighting       | |  0.5
Dodging        | |  2.8
Stealth        | |  3.7
Unarmed Combat | |  0.4

Action                   |  1- 3 |  4- 6 || total
-------------------------+-------+-------++-------
Melee: Unarmed           |    37 |    27 ||    64
       Bite              |     3 |     3 ||     6
 Cast: Freeze            |    58 |    26 ||    84
       Ozocubu's Armour  |     1 |       ||     1
       Frozen Ramparts   |     1 |       ||     1
 Stab: Sleeping          |     1 |       ||     1
Armor: Robe              |    29 |    11 ||    40
Dodge: Dodged            |    71 |    38 ||   109
